Map: Hardwire LE

Players

Lambo - Winner!

  • Race: Zerg Zerg
  • League: Grandmaster

TLHarstem (Harstem)

  • Race: Protoss Protoss
  • League: Master

Event: DreamHack SC2 Masters Last Chance 2022

VOD

Have the link to the VOD?

Description

Time

  • Played on: Dec. 17, 2021, 2:19 p.m.
  • Length: 27:25

All games in this series

Show
View Real Time Build Order
Export as new Build Order

Lambo Zerg - Winner!

Build Orders: Hatch First 

Get SALT Encoding   

  12  0:00  Drone  
  13  0:12  Overlord  
  13  0:17  Drone  
  14  0:31  Drone x2  
  16  0:43  Drone  
  17  0:51  Hatchery  
  17  0:54  Drone  
  17  0:58  Drone  
  18  1:09  Extractor  
  17  1:13  Spawning Pool  
  17  1:16  Drone  
  17  1:20  Drone  
  18  1:28  Drone  
  19  1:39  Drone  
  20  1:53  Overlord  
  20  2:00  Queen  
  22  2:03  Queen  
  22  2:04  Zergling x2  
  22  2:05  Drone  
  26  2:12  Metabolic Boost  
  26  2:14  Drone  
  27  2:17  Zergling x2  
  27  2:21  Drone  
  29  2:29  Drone  
  30  2:34  Hatchery  
  30  2:36  Drone  
  30  2:39  Drone  
  31  2:44  Overlord  
  31  2:46  Drone  
  32  2:52  Queen  
  32  2:56  Drone  
  32  2:57  Drone  
  36  3:03  Queen  
  38  3:06  Drone  
  38  3:11  Drone x3  
  42  3:14  Drone  
  42  3:17  Overlord  
  43  3:20  Overlord  
  43  3:23  Drone  
  44  3:35  Queen  
  44  3:37  Drone  
  44  3:38  Drone  
  44  3:39  Drone  
  49  3:42  Drone x5  
  49  3:45  Spore Crawler  
  53  3:49  Drone  
  53  3:54  Queen  
  56  3:57  Drone x3  
  56  4:01  Drone  
  60  4:03  Spore Crawler  
  60  4:04  Overlord  
  59  4:10  Overlord  
  59  4:11  Drone x3  
  59  4:15  Zergling x6  
  65  4:22  Drone x3  
  65  4:27  Drone x2  
  65  4:28  Drone  
  68  4:34  Drone  
  68  4:35  Drone, Spore Crawler  
  68  4:36  Drone  
  68  4:37  Drone  
  71  4:40  Lair  
  71  4:43  Drone x2  
  73  4:49  Drone  
  73  4:50  Drone x2  
  73  4:52  Extractor  
  74  4:53  Extractor  
  74  4:57  Drone, Roach Warren  
  74  4:58  Extractor  
  72  5:01  Drone x2  
  72  5:03  Drone x3  
  77  5:08  Drone x4  
  77  5:13  Drone  
  82  5:17  Evolution Chamber, Overlord  
  82  5:20  Overlord  
  81  5:22  Drone  
  81  5:24  Hatchery  
  81  5:26  Drone, Overlord  
  82  5:34  Spawning Pool  
  82  5:36  Hatchery  
  82  5:38  Drone x8  
  82  5:42  Extractor  
  89  5:43  Extractor, Zerg Melee Weapons Level 1  
  89  5:45  Spire, Glial Reconstitution  
  89  5:49  Drone x2  
  89  5:51  Overseer, Baneling Nest  
  89  5:53  Drone x2  
  89  5:54  Drone  
  92  5:57  Roach  
  92  6:05  Roach x3  
  92  6:10  Overseer  
  98  6:13  Drone x6  
  98  6:15  Drone  
  98  6:18  Overlord  
  105  6:21  Overlord  
  105  6:22  Overlord  
  105  6:27  Infestation Pit, Overlord  
  105  6:28  Drone x3  
  105  6:30  Extractor  
  105  6:31  Extractor  
  105  6:32  Drone x2  
  105  6:40  Centrifugal Hooks  
  105  6:42  Roach x4  
  113  6:48  Hatchery  
  113  6:49  Drone x3, Spore Crawler  
  113  6:50  Overlord  
  113  6:51  Drone, Overlord  
  115  6:56  Overlord  
  115  7:04  Hive, Roach  
  115  7:05  Roach x3  
  115  7:07  Overlord  
  123  7:13  Roach x3  
  129  7:17  Roach  
  129  7:18  Roach x4  
  129  7:20  Drone  
  140  7:30  Corruptor x4  
  140  7:31  Corruptor  
  140  7:32  Roach  
  152  7:38  Zerg Melee Weapons Level 2  
  152  7:42  Evolution Chamber  
  152  7:43  Drone x2  
  152  7:44  Drone  
  154  7:48  Drone  
  154  7:49  Spine Crawler  
  154  7:56  Zergling x26  
  167  8:09  Drone x3  
  170  8:14  Zerg Missile Weapons Level 1  
  170  8:16  Zergling x6  
  170  8:19  Baneling x10, Overlord x2  
  173  8:21  Greater Spire  
  173  8:22  Overlord  
  173  8:24  Overlord  
  173  8:25  Spine Crawler, Spore Crawler  
  171  8:27  Overlord  
  171  8:29  Overlord  
  171  8:31  Ravager x2  
  173  8:34  Pneumatized Carapace  
  173  8:40  Spine Crawler  
  172  8:41  Overlord  
  172  8:44  Zergling x26, Roach x6  
  172  8:45  Ravager  
  172  8:46  Ravager x2  
  200  8:48  Baneling x13  
  200  9:00  Baneling x10  
  200  9:01  Baneling x3  
  200  9:06  Baneling x10  
  199  9:20  Zergling x12, Roach x7  
  193  9:26  Roach x6  
  193  9:29  Roach  
  190  9:36  Zergling x24  
  190  9:45  Zergling x20, Roach  
  191  10:06  Brood Lord x4, Hatchery  
  198  10:15  Baneling x11  
  198  10:17  Baneling, Zergling x2  
  196  10:31  Zergling x12  
  196  10:36  Zergling x6  
  193  10:44  Brood Lord  
  193  10:47  Zergling x2  
  193  10:48  Zergling x8  
  191  11:07  Roach x9  
  191  11:09  Roach x6  
  196  11:13  Roach  
  196  11:17  Roach x2  
  180  11:19  Roach x3  
  180  11:20  Roach  
  178  11:30  Zergling x10  
  168  11:34  Viper x2  
  168  11:38  Drone x2  
  168  11:39  Queen  
  169  11:42  Zerg Missile Weapons Level 2  
  169  11:43  Zerg Melee Weapons Level 3, Drone x2  
  169  11:44  Drone x2  
  169  11:45  Queen  
  169  11:46  Ravager  
  177  11:47  Ravager x4  
  177  11:50  Drone x3  
  177  11:51  Drone  
  184  11:55  Drone x3  
  184  11:58  Drone x2  
  184  12:01  Spore Crawler  
  188  12:02  Corruptor  
  188  12:04  Overseer  
  188  12:06  Drone x3  
  193  12:09  Zerg Flyer Weapons Level 1  
  193  12:12  Corruptor  
  193  12:15  Ravager  
  196  12:16  Corruptor  
  196  12:20  Spine Crawler  
  196  12:21  Ravager  
  198  12:25  Corruptor  
  200  12:30  Overseer  
  200  12:34  Spine Crawler  
  199  12:47  Hatchery  
  199  12:49  Zergling x16  
  191  13:01  Corruptor x5  
  198  13:17  Corruptor  
  198  13:18  Corruptor x2  
  200  13:20  Zergling x2  
  200  13:22  Extractor  
  200  13:24  Extractor  
  200  13:25  Baneling x8  
  195  13:38  Corruptor x2  
  195  13:41  Zergling x10  
  192  13:50  Zergling x10  
  192  13:53  Zergling x4  
  193  13:57  Roach x2  
  185  14:04  Roach  
  185  14:06  Corruptor x3  
  187  14:13  Spine Crawler  
  183  14:17  Roach  
  183  14:21  Corruptor  
  183  14:22  Corruptor x2  
  177  14:32  Extractor x2  
  177  14:35  Corruptor x4  
  177  14:37  Zergling x8, Queen x2  
  190  14:45  Hatchery  
  189  14:46  Zergling x4  
  189  14:47  Baneling x9  
  189  14:49  Drone x3  
  189  14:50  Drone x2, Queen  
  198  15:00  Overseer x2  
  198  15:03  Baneling x8  
  198  15:12  Zergling x2  
  199  15:26  Zergling x6  
  199  15:31  Zergling x8  
  199  15:34  Zergling x2  
  154  15:44  Roach x17  
  154  15:46  Roach  
  174  15:57  Roach  
  188  16:08  Brood Lord  
  188  16:09  Brood Lord x8  
  192  16:19  Corruptor x2  
  195  16:33  Hatchery  
  188  16:52  Corruptor x7  
  186  16:58  Zergling x10  
  187  17:18  Corruptor  
  188  17:33  Corruptor  
  188  17:34  Hatchery  
  188  17:43  Zergling x12  
  175  17:57  Roach x14, Overlord x2  
  193  18:02  Ravager x2, Overlord  
  195  18:08  Overlord  
  184  18:27  Spore Crawler  
  184  18:29  Spore Crawler  
  184  18:32  Spore Crawler  
  184  18:34  Brood Lord x8, Spore Crawler  
  178  18:38  Ravager  
  178  18:39  Ravager  
  196  18:42  Drone x2  
  196  18:43  Drone x2  
  196  18:47  Spine Crawler  
  199  18:48  Spine Crawler  
  199  18:55  Pathogen Glands, Zerg Flyer Weapons Level 2  
  198  18:56  Zerg Missile Weapons Level 3  
  198  18:57  Zerg Ground Armor Level 1  
  198  19:16  Corruptor x4  
  172  19:40  Infestor x7  
  172  19:43  Drone x2  
  174  19:48  Spine Crawler  
  174  19:50  Corruptor x2  
  177  19:53  Roach  
  177  19:54  Zergling x6, Roach x4  
  177  19:58  Extractor  
  177  19:59  Spore Crawler  
  188  20:00  Corruptor  
  188  20:02  Overseer  
  188  20:06  Drone  
  191  20:08  Neural Parasite  
  191  20:18  Corruptor  
  193  20:26  Zergling x18  
  195  20:32  Roach x4  
  198  20:36  Ravager  
  199  20:46  Burrow  
  199  20:47  Drone  
  199  20:49  Spine Crawler  
  192  20:52  Spine Crawler  
  178  20:57  Corruptor x4  
  184  21:07  Viper  
  187  21:19  Zergling x22  
  194  21:29  Viper  
  197  21:37  Drone x2  
  199  21:43  Zerg Flyer Armor Level 1  
  199  21:45  Overseer, Extractor  
  199  21:46  Spore Crawler, Zerg Ground Armor Level 2  
  197  21:47  Spine Crawler, Extractor  
  197  21:51  Adrenal Glands  
  195  22:02  Overseer  
  195  22:12  Infestor  
  195  22:14  Drone x2  
  198  22:18  Infestor, Spore Crawler  
  195  22:31  Zergling x14  
  195  22:33  Hatchery  
  195  22:36  Corruptor x2  
  197  22:45  Corruptor  
  197  22:48  Overseer x2  
  198  23:02  Zergling x16  
  199  23:37  Hatchery  
  199  23:39  Extractor  
  199  23:40  Extractor  
  192  23:56  Corruptor x4  
  192  23:57  Roach x5  
  198  24:20  Corruptor x2  
  188  24:24  Zergling x24  
  197  24:37  Zergling x6  
  200  24:44  Ultralisk Cavern  
  196  25:00  Baneling x2  
  196  25:01  Baneling x5  
  196  25:02  Corruptor  
  196  25:05  Overseer x2  
  198  25:23  Baneling  
  198  25:28  Zergling x2  
  199  25:56  Zergling x4  
  193  26:08  Zergling x16  
  199  26:14  Overseer  
  197  26:30  Zergling x6  
  200  26:53  Corruptor  
Show
View Real Time Build Order
Export as new Build Order

TLHarstem Protoss 

Build Orders: 1 Gate Expand, Oracle Opening, Zealot Archon 

Get SALT Encoding   

  12  0:00  Probe  
  13  0:12  Probe  
  14  0:19  Pylon  
  14  0:24  Probe (Chrono Boost)  
  15  0:37  Probe (Chrono Boost)  
  15  0:39  Gateway  
  16  0:46  Probe (Chrono Boost)  
  17  0:50  Assimilator  
  17  0:52  Probe  
  18  1:04  Probe  
  19  1:16  Probe  
  20  1:27  Nexus  
  20  1:39  Cybernetics Core  
  20  1:40  Probe  
  20  1:46  Assimilator  
  21  1:52  Probe  
  22  1:54  Pylon  
  22  2:04  Probe  
  23  2:13  Adept (Chrono Boost)  
  23  2:16  Probe  
  23  2:19  Stargate  
  26  2:28  Probe (Chrono Boost)  
  27  2:33  Warp Gate  
  27  2:36  Adept  
  29  2:39  Probe (Chrono Boost)  
  31  2:46  Probe (Chrono Boost)  
  31  2:49  Probe (Chrono Boost)  
  32  2:53  Probe (Chrono Boost)  
  32  2:54  Probe (Chrono Boost)  
  34  2:59  Oracle (Chrono Boost)  
  34  3:05  Probe  
  38  3:08  Probe  
  38  3:09  Pylon  
  41  3:17  Probe  
  40  3:20  Probe  
  40  3:24  Gateway  
  40  3:26  Oracle (Chrono Boost)  
  41  3:29  Probe  
  41  3:32  Probe  
  46  3:43  Nexus, Probe  
  46  3:46  Probe  
  48  3:49  Pylon  
  48  3:55  Probe  
  49  3:57  Oracle (Chrono Boost)  
  49  3:58  Probe  
  53  4:05  Assimilator  
  53  4:07  Assimilator, Probe  
  54  4:10  Probe  
  55  4:17  Pylon  
  55  4:19  Robotics Facility, Probe  
  56  4:25  Probe (Chrono Boost)  
  57  4:35  Probe (Chrono Boost)  
  57  4:36  Forge  
  57  4:37  Probe (Chrono Boost)  
  59  4:40  Shield Battery  
  59  4:41  Adept  
  63  4:45  Probe (Chrono Boost)  
  63  4:46  Adept  
  63  4:47  Probe (Chrono Boost)  
  63  4:52  Pylon  
  65  4:54  Probe (Chrono Boost)  
  65  4:55  Probe (Chrono Boost)  
  68  5:01  Probe (Chrono Boost)  
  68  5:06  Probe (Chrono Boost)  
  70  5:07  Observer  
  70  5:08  Probe (Chrono Boost)  
  70  5:10  Protoss Ground Weapons Level 1 (Chrono Boost)  
  70  5:11  Robotics Bay, Probe x2 (Chrono Boost)  
  70  5:14  Twilight Council  
  73  5:21  Probe (Chrono Boost), Pylon  
  76  5:22  Probe (Chrono Boost)  
  76  5:24  Probe (Chrono Boost)  
  76  5:25  Assimilator, Sentry  
  76  5:26  Zealot  
  76  5:27  Probe (Chrono Boost)  
  76  5:28  Probe (Chrono Boost)  
  82  5:32  Probe  
  83  5:37  Probe  
  83  5:39  Gateway x2, Probe  
  85  5:43  Pylon  
  85  5:44  Probe  
  85  5:49  Probe, Charge (Chrono Boost)  
  87  5:50  Assimilator  
  87  5:54  Templar Archives  
  87  5:57  Phoenix (Chrono Boost)  
  87  5:59  Gateway  
  87  6:00  Gateway  
  87  6:03  Gateway  
  89  6:05  Pylon  
  89  6:10  Disruptor (Chrono Boost)  
  93  6:16  Gateway  
  92  6:19  Observer  
  92  6:20  Zealot x2  
  96  6:37  Probe  
  96  6:38  Photon Cannon  
  97  6:42  Disruptor (Chrono Boost), High Templar  
  97  6:43  Zealot, High Templar  
  97  6:46  Nexus  
  106  6:47  Phoenix, Pylon, Shield Battery  
  106  6:50  Shield Battery  
  106  6:52  Photon Cannon  
  108  6:56  Probe  
  108  6:58  Pylon  
  109  7:02  Archon  
  109  7:03  Probe  
  109  7:06  Zealot x2, High Templar x2  
  118  7:10  Photon Cannon  
  118  7:12  Phoenix  
  118  7:13  Archon, Probe, Shield Battery  
  121  7:23  Disruptor  
  121  7:29  Probe  
  125  7:31  Protoss Ground Weapons Level 2 (Chrono Boost), Pylon  
  125  7:35  Probe  
  125  7:36  Assimilator  
  126  7:38  Assimilator  
  126  7:43  Probe, Pylon  
  127  7:44  Probe  
  127  7:46  Pylon  
  127  7:48  High Templar x2  
  127  7:50  Zealot x4  
  140  8:01  Archon  
  140  8:02  Zealot x2  
  140  8:04  Probe  
  145  8:07  Gateway  
  145  8:09  Gateway  
  145  8:15  Probe  
  145  8:16  Photon Cannon  
  145  8:18  Photon Cannon, Zealot x4  
  154  8:20  Warp Prism (Chrono Boost)  
  154  8:21  High Templar x2  
  160  8:30  Archon  
  160  8:32  Zealot x2  
  164  8:34  Probe  
  164  8:35  Probe  
  164  8:37  Pylon  
  164  8:40  Stargate  
  166  8:45  Fleet Beacon  
  166  8:46  High Templar x2  
  170  8:48  Pylon  
  170  8:54  Archon  
  170  8:58  Protoss Air Weapons Level 1 (Chrono Boost)  
  170  9:00  Zealot x5  
  180  9:03  Pylon  
  180  9:05  Stargate  
  180  9:21  Zealot x7  
  138  9:35  High Templar x2  
  138  9:37  Probe  
  143  9:40  Archon  
  143  9:44  Tempest (Chrono Boost)  
  132  9:46  High Templar x4  
  132  9:50  Probe  
  130  9:52  Archon x2  
  130  9:53  Photon Cannon, Zealot x4  
  130  9:55  Photon Cannon  
  134  10:04  Probe  
  133  10:14  Tempest x2  
  133  10:16  Zealot x2, Pylon  
  133  10:18  High Templar  
  133  10:19  High Templar  
  151  10:25  Archon  
  143  10:33  Zealot x3, High Templar x2  
  143  10:34  Zealot  
  143  10:38  Archon  
  143  10:50  Zealot x2  
  143  10:52  Zealot x2  
  143  10:55  Tempest  
  156  10:57  Tempest  
  156  10:58  Zealot x4  
  162  11:08  Zealot x2  
  157  11:14  Tempest  
  157  11:18  Zealot x7  
  150  11:27  Probe (Chrono Boost)  
  150  11:29  Nexus  
  150  11:32  Photon Cannon  
  147  11:34  High Templar x3  
  147  11:36  Mothership (Chrono Boost)  
  155  11:40  Archon  
  155  11:41  Protoss Ground Weapons Level 3 (Chrono Boost)  
  155  11:43  Photon Cannon  
  155  11:45  Photon Cannon  
  155  11:48  Shield Battery  
  155  11:53  High Templar  
  157  11:55  Zealot x4  
  157  11:56  Sentry  
  165  12:02  Archon  
  165  12:04  Photon Cannon  
  165  12:07  Pylon  
  165  12:09  High Templar x2  
  165  12:10  Zealot x2  
  165  12:14  Archon  
  173  12:23  High Templar x2  
  173  12:24  Zealot x3  
  173  12:27  Archon  
  179  12:32  Probe  
  179  12:35  Zealot  
  179  12:36  Photon Cannon  
  182  12:37  Photon Cannon  
  182  12:42  Assimilator, High Templar x2  
  186  12:44  Assimilator  
  186  12:45  Zealot x5, Pylon  
  186  12:51  Archon  
  194  12:54  Disruptor  
  193  13:06  Zealot x3  
  197  13:38  Disruptor  
  200  13:43  Protoss Air Weapons Level 2 (Chrono Boost)  
  200  13:48  Probe  
  195  13:49  Probe  
  148  14:06  Zealot x6  
  148  14:07  Zealot x3, Carrier x2 (Chrono Boost)  
  148  14:08  Carrier (Chrono Boost)  
  164  14:25  Protoss Shields Level 1  
  164  14:28  High Templar x2  
  164  14:29  Disruptor  
  161  14:32  High Templar x2  
  161  14:33  High Templar x2  
  161  14:34  High Templar  
  161  14:35  Archon  
  171  14:40  Archon x2  
  170  14:45  High Templar x2  
  170  14:46  Zealot  
  170  14:50  Probe x2  
  178  14:54  Photon Cannon  
  178  14:56  Photon Cannon  
  178  14:57  Archon  
  178  15:02  Disruptor (Chrono Boost), High Templar  
  178  15:03  Zealot  
  185  15:12  Archon  
  185  15:13  High Templar x2  
  185  15:14  Zealot x4, Nexus  
  193  15:16  Pylon  
  193  15:19  Assimilator  
  195  15:22  Zealot x2  
  195  15:24  Assimilator  
  196  15:32  Zealot  
  196  15:35  Archon  
  140  15:49  Probe  
  134  15:50  Tempest x2 (Chrono Boost)  
  134  15:51  Probe x2  
  139  16:00  Zealot x10  
  164  16:05  Tempest (Chrono Boost)  
  164  16:06  Observer  
  164  16:11  Probe  
  166  16:12  Pylon  
  166  16:14  Photon Cannon, Probe x2  
  166  16:16  Photon Cannon  
  168  16:23  Zealot x9  
  186  16:28  Tempest  
  189  16:34  Pylon  
  189  16:38  Zealot  
  183  16:43  Zealot x8  
  189  16:52  Zealot  
  171  17:05  Tempest x2  
  176  17:13  Tempest  
  166  17:28  High Templar x4  
  172  17:37  Archon x2  
  172  17:41  Zealot x6  
  181  17:48  Tempest x2  
  164  18:00  Nexus  
  164  18:02  High Templar  
  164  18:03  High Templar  
  168  18:06  High Templar  
  168  18:07  High Templar  
  168  18:10  Archon  
  172  18:12  Archon  
  172  18:16  Tempest  
  174  18:22  Nexus  
  174  18:25  High Templar x2  
  178  18:31  Archon  
  178  18:32  Zealot  
  178  18:41  Zealot x3  
  184  18:49  Zealot x3  
  186  19:16  Zealot x6  
  190  19:25  Void Ray x2 (Chrono Boost)  
  190  19:29  Probe  
  176  19:32  Void Ray (Chrono Boost)  
  176  19:38  High Templar x2  
  181  19:41  Probe  
  177  19:48  Archon  
  177  19:49  Zealot x3  
  183  19:59  Zealot, Void Ray (Chrono Boost)  
  189  20:12  Zealot x4  
  191  20:24  Zealot x3  
  191  20:25  Zealot  
  191  20:27  Zealot  
  193  20:34  High Templar x2  
  191  20:36  Zealot x2  
  191  20:42  Archon  
  195  20:44  Zealot  
  193  21:01  Zealot x5  
  199  21:08  Psionic Storm  
  181  21:33  High Templar x3  
  187  21:42  Assimilator  
  187  21:46  Nexus  
  187  21:47  Photon Cannon  
  187  21:52  Pylon  
  187  22:13  Nexus  
  183  22:15  Pylon  
  181  22:24  Photon Cannon  
  181  22:25  Photon Cannon  
  181  22:27  Photon Cannon  
  181  22:29  Photon Cannon  
  179  22:31  Shield Battery  
  179  22:39  High Templar  
  179  22:40  Oracle (Chrono Boost)  
  184  22:47  Nexus  
  184  22:50  Photon Cannon  
  184  22:56  Photon Cannon  
  178  23:03  Zealot x9  
  195  23:06  Mothership (Chrono Boost)  
  196  23:34  Zealot  
  196  23:35  Zealot  
  196  23:40  Zealot x6  
  180  23:53  Zealot x2  
  184  23:56  Observer (Chrono Boost)  
  170  24:11  Tempest  
  170  24:16  Zealot x7  
  170  24:17  Zealot x3  
  175  24:30  Oracle  
  175  24:39  High Templar x3  
  175  24:44  Void Ray (Chrono Boost)  
  181  24:48  Void Ray (Chrono Boost)  
  175  25:05  Assimilator  
  175  25:17  Nexus  
  175  25:33  Carrier (Chrono Boost)  
  179  25:48  Zealot  
  180  25:51  Zealot  
  173  26:15  High Templar  
  169  26:27  Zealot x5  
  168  26:52  Observer  

Tags
 
Add a new tag
Caveats
  • Supply blocks, unpowered buildings, or Contaminate may cause inaccurate times.
  • Supply counts are checked every 10 seconds.